 Dungeon Crawl Stone Soup version 0.31-a0-183-g4352c244c2 (webtiles) character file.

Game seed: 9117100780547285535

67766 Sokar the Carver (level 15, 0/129 HPs)
             Began as a Gnoll Reaver on June 22, 2023.
             Was a High Priest of Kikubaaqudgha.
             Slain by a catoblepas (12 damage)
             ... on level 5 of the Lair of Beasts.
             The game lasted 00:55:56 (18987 turns).

Sokar the Carver (Gnoll Reaver)                    Turns: 18987, Time: 00:55:57

Health: 0/129      AC: 18    Str: 17    XL:     15   Next: 24%
Magic:  39/39      EV: 22    Int: 13    God:    Kikubaaqudgha [*****.]
Gold:   910        SH:  0    Dex: 18    Spells: 15/36 levels left

rFire   + . .        b - +0 scimitar (flame)
rCold   . . .        (no shield)
rNeg    + . .        G - +1 ring mail "Pyzuug" {rF+ rN+ MP+9}
rPois   +            y - +2 hat
rElec   .            p - +2 cloak {rPois}
rCorr   .            F - +0 pair of gloves
SInv    .            B - +2 pair of boots {rampage}
Will    +....        l - amulet of reflection
Stlth   +            k - +5 ring of evasion
HPRegen 0.41/turn    d - +6 ring of strength
MPRegen 0.26/turn

%: reflection, rampage
@: confused, ambrosia-drunk, spiked
A: fangs 1, strong nose, distributed training, horns 1, robust 1
a: Renounce Religion, Unearth Wretches, Torment


You were on level 5 of the Lair of Beasts.
You worshipped Kikubaaqudgha.
Kikubaaqudgha was extremely pleased with you.
You visited 4 branches of the dungeon, and saw 18 of its levels.

You collected 1067 gold pieces.
You spent 157 gold pieces at shops.

Inventory:

Hand Weapons
 a - a +3 falchion of holy wrath
 b - a +0 scimitar of flaming (weapon)
 I - a +3 long sword
Missiles
 g - 138 stones
 n - 4 atropa-tipped darts (quivered)
 N - 10 poisoned darts
Armour
 i - a +2 buckler
 p - a +2 cloak of poison resistance (worn)
 w - a +1 leather armour
 y - a +2 hat (worn)
 B - a +2 pair of boots of rampaging (worn)
 F - a +0 pair of gloves (worn)
 G - the +1 ring mail "Pyzuug" (worn) {rF+ rN+ MP+9}
   (You found it on level 10 of the Dungeon)

   rF:        It protects you from fire.
   rN:        It protects you from negative energy.
   MP:        It affects your magic capacity (+9).
 H - +0 steam dragon scales
Jewellery
 d - a +6 ring of strength (right hand)
 h - a ring of ice
 k - a +5 ring of evasion (left hand)
 l - an amulet of reflection (around neck)
 m - an amulet of faith
 K - an amulet of the acrobat
 P - a ring of ice
Wands
 j - a wand of quicksilver (8)
 q - a wand of polymorph (14)
 C - a wand of mindburst (41)
 D - a wand of flame (6)
 L - a wand of paralysis (14)
Scrolls
 c - 4 scrolls of teleportation
 f - 4 scrolls of enchant armour
 r - 2 scrolls of enchant weapon
 J - 3 scrolls of identify
 M - a scroll of poison
 Q - a scroll of amnesia
Potions
 e - 4 potions of enlightenment
 o - 4 potions of ambrosia
 s - 3 potions of curing
 t - a potion of invisibility
 u - a potion of magic
 z - 2 potions of brilliance
 A - 2 potions of haste
 E - a potion of berserk rage
 O - a potion of might


   Skills:
 + Level 11.0 Fighting
 + Level 10.0 Short Blades
 + Level 11.8 Long Blades
 + Level 10.0 Axes
 + Level 10.0 Maces & Flails
 + Level 10.0 Polearms
 + Level 10.0 Staves
 + Level 10.0 Ranged Weapons
 + Level 10.0 Throwing
 + Level 10.0 Armour
 + Level 11.0 Dodging
 + Level 10.0 Stealth
 + Level 10.0 Shields
 + Level 10.0 Unarmed Combat
 + Level 11.1 Spellcasting
 + Level 10.0 Conjurations
 + Level 8.3 Hexes
 + Level 8.3 Summonings
 + Level 8.3 Necromancy
 + Level 8.3 Translocations
 + Level 8.3 Transmutations
 + Level 8.3 Fire Magic
 + Level 8.3 Ice Magic
 + Level 8.3 Air Magic
 + Level 8.3 Earth Magic
 + Level 8.3 Poison Magic
 + Level 10.8 Invocations
 + Level 10.0 Evocations


You had 15 spell levels left.
You knew the following spells:

 Your Spells              Type           Power      Damage    Failure   Level
a - Mephitic Cloud        Conj/Pois/Air  30%        N/A       1%          3
b - Ignite Poison         Fire/Tmut/Pois 28%        N/A       1%          3
c - Poisonous Vapours     Pois/Air       56%        N/A       1%          2
d - Hailstorm             Conj/Ice       31%        3d8       1%          3
e - Call Canine Familiar  Summ           28%        N/A       1%          3
f - Kiss of Death         Conj/Necr      100%       2d13      1%          1
g - Momentum Strike       Conj/Tloc      62%        3d9       1%          2
h - Dispel Undead         Necr           28%        3d13      5%          4

Your spell library contained the following spells:

 Spells                   Type           Power      Damage    Failure   Level
 Magic Dart               Conj           100%       1d8       1%          1
 Necrotise                Necr           100%       1d9       1%          1
 Shock                    Conj/Air       100%       1d9       1%          1
 Summon Small Mammal      Summ           100%       N/A       1%          1
 Cigotuvi's Dreadful Rot  Necr/Pois/Air  56%        N/A       1%          2
 Searing Ray              Conj           66%        2d6       1%          2
 Sublimation of Blood     Necr           28%        N/A       1%          2
 Wereblood                Tmut           28%        N/A       1%          2
 Dazzling Flash           Conj/Hex       62%        N/A       1%          3
 Summon Guardian Golem    Hex/Summ       28%        N/A       1%          3
 Swiftness                Air            28%        N/A       1%          3
 Volatile Blastmotes      Fire/Tloc      56%        2d14      1%          3
 Fulminant Prism          Conj/Hex       15%        3d11      3%          4
 Iskenderun's Mystic Bla  Conj/Tloc      31%        2d8       3%          4
 Airstrike                Air            14%        2d(2-18)  5%          4
 Animate Dead             Necr           28%        N/A       5%          4
 Manifold Assault         Tloc           28%        N/A       5%          4
 Irradiate                Conj/Tmut      15%        3d16      11%         5
 Freezing Cloud           Conj/Ice/Air   15%        6-21      12%         5
 Agony                    Necr           28%        N/A       14%         5
 Blade Hands              Tmut           14%        N/A       14%         5
 Borgnjor's Vile Clutch   Necr/Erth      14%        N/A       14%         5
 Starburst                Conj/Fire      15%        6d6       50%         6
 Death Channel            Necr           14%        N/A       63%         6
 Dispersal                Tloc           14%        N/A       63%         6
 Dragon Form              Tmut           14%        N/A       99%         7
 Summon Hydra             Summ           14%        N/A       99%         7
 Disjunction              Tloc           14%        N/A       100%        8


Dungeon Overview and Level Annotations

Branches:
Dungeon (11/15)            Temple (1/1) D:7            Lair (5/5) D:11
 Shoals (0/4) Lair:3        Snake (1/4) Lair:2        Slime (0/5) Lair:5
    Orc (0/2) D:11

Altars:
Ashenzari
Cheibriados
Dithmenos
Elyvilon
Fedhas
Gozag
Hepliaklqana
Kikubaaqudgha
Makhleb
Nemelex Xobeh
Okawaru
Qazlal
Ru
Sif Muna
Trog
Uskayaw
Vehumet
Wu Jian
Xom
Yredelemnul
Zin
The Shining One
Jiyva

Shops:
D:7 [   D:8 (*=:

Annotations:
D:3 exclusion: 2 downstairs


Innate Abilities, Weirdness & Mutations

You have very sharp teeth.
Your uncanny sense of smell can sniff out nearby items.
Your experience applies equally to all skills.
You have a pair of small horns on your head.
You are robust. (+10% HP)


Message History

Okay, then.
Casting: Ignite Poison (safe; 1% risk of failure)
Confirm with . or Enter, or press ? or * to list all spells.
Aiming: Mephitic Cloud (safe; 1% risk of failure)
Press: ? - help, Shift-Dir - straight line, f - manticore
Aim: a manticore (chance to affect: 58%)
The ball explodes into a vile cloud!
The stinking cloud engulfs the manticore but does no damage.
The catoblepas breathes a plume of calcifying dust at you.
The blast of calcifying dust hits you!
* * * LOW HITPOINT WARNING * * *
The manticore is engulfed in noxious fumes.
The manticore flicks its tail.
The volley of spikes hits you.
The barbed spikes become lodged in your body.
* * * LOW HITPOINT WARNING * * *
The barbs in your skin will harm you if you move.
Continue?
The barbed spikes dig painfully into your body as you move.
* * * LOW HITPOINT WARNING * * *
The catoblepas gores you but does no damage.
Casting: Mephitic Cloud (safe; 1% risk of failure)
Confirm with . or Enter, or press ? or * to list all spells.
Aiming: Mephitic Cloud (safe; 1% risk of failure)
Press: ? - help, Shift-Dir - straight line, f - catoblepas
Aim: a catoblepas (heavily wounded, chance to affect: 34%)
The ball explodes into a vile cloud!
The stinking cloud engulfs the catoblepas but does no damage.
The catoblepas is heavily wounded.
The stinking cloud engulfs you but does no damage.
The catoblepas is engulfed in noxious fumes.
The catoblepas gores you.
* * * LOW HITPOINT WARNING * * *
You are confused.
You feel invigorated.
The catoblepas is engulfed in noxious fumes.
The catoblepas completely misses you.
The catoblepas attacks as you move away!
The catoblepas gores you!
You die...
Kikubaaqudgha rasps: "You have failed me!
Welcome... death!"

.....## ##.......### ......#
###.......##.#
.....####.......#..#.#####
................#§....#..##
.................§........#
.................§.......## ##
.........................# ##.
#................§.......######.#
................@Y○.......##.#...
................○.§.......###....
...#..........#...#○......###....
........##..###.###H.....#§#.....
...#...###### ####..(....##Y.÷...
........# #.#.......#Y....#
.......## ###......#.....##
#......# ##.......F.§F§# ......##
#........YDY###


You could see a catoblepas.

Vanquished Creatures
  Nessos (Lair:3)
  Josephine (D:11)
  Fannar (Lair:3)
  6 hydras
  2 catoblepae (Lair:3)
  3 two-headed ogres
  A boulder beetle (Lair:3)
  Erica (D:11)
  4 death yaks (Lair:5)
  Urug (Lair:3)
  Nergalle (Lair:1)
  2 skysharks
  2 harpies (Lair:3)
  7 manticores
  7 black mambas
  8 elephants
  A torpor snail (Lair:3)
  A gargoyle (D:10)
  8 cane toads
  4 rime drakes
  13 komodo dragons
  A polar bear (Lair:5)
  2 trolls
  15 blink frogs
  A hornet (D:8)
  Grinder (D:5)
  4 wraiths (D:11)
  A vampire (D:11)
  52 yaks
  3 wyverns
  3 basilisks
  2 steam dragons
  2 wargs (D:11)
  15 water moccasins
  5 orc warriors
  2 black bears (D:5)
  3 ogres
  20 wolves
  8 centaurs
  2 phantoms
  2 kobold brigands
  10 bullfrogs
  2 gnoll sergeants
  4 scorpions
  4 wights
  5 howler monkeys
  3 electric eels
  8 jellies
  Crazy Yiuf (D:2)
  2 gnoll boudas
  7 orc priests
  A hound (D:7)
  5 iguanas
  Ijyb (D:5)
  11 orc wizards
  3 sleepcaps
  5 hell rats (Lair:4)
  12 gnolls
  3 adders
  2 shadow imps
  2 white imps
  A worm (D:2)
  2 dart slugs
  40 orcs
  7 endoplasms
  4 giant cockroaches
  8 goblins
  8 hobgoblins
  3 jackals (D:4)
  15 kobolds
  A quokka (D:4)
  6 ball pythons
  2 bats
  A frilled lizard (D:1)
  3 rats
411 creatures vanquished.

Vanquished Creatures (others)
  A wizard (D:8)
  Maurice (D:11)
  2 orc wizards
  An orc (D:11)
5 creatures vanquished.

Grand Total: 416 creatures vanquished

Notes
Turn   | Place    | Note
-------+----------+-------------------------------------------
     0 | D:1      | Sokar the Gnoll Reaver began the quest for the Orb.
     0 | D:1      | Reached XP level 1. HP: 20/20 MP: 6/6
   684 | D:2      | Reached XP level 2. HP: 23/26 MP: 7/7
   720 | D:1      | Learned a level 2 spell: Momentum Strike
   723 | D:1      | Learned a level 2 spell: Poisonous Vapours
   915 | D:2      | Found a burning altar of Makhleb.
  1027 | D:2      | Reached skill level 5 in Spellcasting
  1027 | D:2      | Reached XP level 3. HP: 28/31 MP: 7/9
  1052 | D:2      | Found a faded altar of an unknown god.
  1203 | D:2      | Found a runed translucent door.
  1204 | D:2      | Noticed Crazy Yiuf
  1305 | D:2      | Killed Crazy Yiuf
  1306 | D:2      | Reached skill level 1 in Short Blades
  1306 | D:2      | Reached skill level 1 in Axes
  1306 | D:2      | Reached skill level 1 in Maces & Flails
  1306 | D:2      | Reached skill level 1 in Polearms
  1306 | D:2      | Reached skill level 1 in Staves
  1306 | D:2      | Reached skill level 1 in Ranged Weapons
  1306 | D:2      | Reached skill level 1 in Throwing
  1306 | D:2      | Reached skill level 1 in Armour
  1306 | D:2      | Reached skill level 1 in Stealth
  1306 | D:2      | Reached skill level 1 in Shields
  1306 | D:2      | Reached skill level 1 in Unarmed Combat
  1306 | D:2      | Reached skill level 1 in Invocations
  1306 | D:2      | Reached skill level 1 in Evocations
  1391 | D:3      | Reached XP level 4. HP: 38/38 MP: 11/11
  1514 | D:3      | Found a snail-covered altar of Cheibriados.
  1550 | D:3      | Identified the +1 ring mail of the Distant Future {Int+3}
  1766 | D:3      | You fall into a shaft and drop 1 floor!
  1768 | D:4      | Found a basalt altar of Yredelemnul.
  1799 | D:4      | Noticed a scorpion
  1804 | D:4      | Killed a scorpion
  1805 | D:4      | Reached skill level 1 in Hexes
  1805 | D:4      | Reached skill level 1 in Summonings
  1805 | D:4      | Reached skill level 1 in Necromancy
  1805 | D:4      | Reached skill level 1 in Translocations
  1805 | D:4      | Reached skill level 1 in Transmutations
  1805 | D:4      | Reached skill level 1 in Fire Magic
  1805 | D:4      | Reached skill level 1 in Ice Magic
  1805 | D:4      | Reached skill level 1 in Air Magic
  1805 | D:4      | Reached skill level 1 in Earth Magic
  1805 | D:4      | Reached skill level 1 in Poison Magic
  1805 | D:4      | Reached XP level 5. HP: 43/43 MP: 5/12
  2041 | D:3      | Found a blossoming altar of Fedhas.
  2836 | D:4      | Reached XP level 6. HP: 25/50 MP: 1/14
  2837 | D:4      | Gained mutation: You expend magic power (3 MP) to
                  | strengthen your wands. [potion of mutation]
  2839 | D:4      | Reached skill level 5 in Fighting
  2839 | D:4      | Reached skill level 5 in Dodging
  3221 | D:4      | Found a white marble altar of Elyvilon.
  3357 | D:4      | Reached XP level 7. HP: 42/54 MP: 15/15
  3459 | D:5      | Entered Level 5 of the Dungeon
  3810 | D:5      | Noticed Ijyb
  3823 | D:5      | Killed Ijyb
  3861 | D:5      | Found a hide-covered altar of Uskayaw.
  3866 | D:5      | Found a stormy altar of Qazlal.
  3869 | D:5      | Found a shimmering blue altar of Sif Muna.
  4123 | D:5      | Reached XP level 8. HP: 40/63 MP: 16/16
  4217 | D:5      | Found an opulent altar of Gozag.
  4217 | D:5      | Found an opulent altar of Gozag.
  4220 | D:5      | Noticed Grinder
  4225 | D:5      | Found an opulent altar of Gozag.
  4254 | D:5      | Found an opulent altar of Gozag.
  4358 | D:5      | Killed Grinder
  4666 | D:6      | Found an ornate altar of the Wu Jian Council.
  4964 | D:6      | Found a radiant altar of Vehumet.
  5369 | D:6      | Reached XP level 9. HP: 39/69 MP: 18/18
  5605 | D:6      | Found a sparkling altar of Nemelex Xobeh.
  5676 | D:7      | Found a staircase to the Ecumenical Temple.
  6072 | D:7      | Reached skill level 5 in Invocations
  6153 | Temple   | Entered the Ecumenical Temple
  6223 | Temple   | Became a worshipper of Kikubaaqudgha
  6473 | D:7      | Found Kausinah's Antique Armour Boutique.
  6483 | D:7      | Bought a pair of runed boots for 157 gold pieces
  6614 | D:8      | Noticed a manticore
  6705 | D:8      | Noticed a hornet
  6711 | D:8      | Killed a hornet
  6739 | D:8      | Killed a manticore
  6740 | D:8      | Reached skill level 5 in Short Blades
  6740 | D:8      | Reached skill level 5 in Axes
  6740 | D:8      | Reached skill level 5 in Maces & Flails
  6740 | D:8      | Reached skill level 5 in Polearms
  6740 | D:8      | Reached skill level 5 in Staves
  6740 | D:8      | Reached skill level 5 in Ranged Weapons
  6740 | D:8      | Reached skill level 5 in Throwing
  6740 | D:8      | Reached skill level 5 in Armour
  6740 | D:8      | Reached skill level 5 in Stealth
  6740 | D:8      | Reached skill level 5 in Shields
  6740 | D:8      | Reached skill level 5 in Unarmed Combat
  6740 | D:8      | Reached skill level 5 in Evocations
  6740 | D:8      | Reached XP level 10. HP: 33/77 MP: 2/20
  6890 | D:8      | Found Hyzaf's Book Emporium.
  6948 | D:8      | Learned a level 3 spell: Hailstorm
  6953 | D:8      | Learned a level 3 spell: Mephitic Cloud
  6980 | D:8      | Found Ofamil's Jewellery Shop.
  6984 | D:8      | Found Bemorees's General Store.
  7022 | D:8      | Found a bloodstained altar of Trog.
  7025 | D:8      | Noticed a wizard
  7029 | D:8      | Killed a wizard
  7186 | D:8      | Found Saggyrch's Firing Range.
  7394 | D:9      | Noticed a two-headed ogre
  7417 | D:8      | Killed a two-headed ogre
  7950 | D:9      | Reached * piety under Kikubaaqudgha
  7950 | D:9      | Received a gift from Kikubaaqudgha
  8170 | D:9      | Noticed a two-headed ogre
  8193 | D:9      | Killed a two-headed ogre
  8450 | D:9      | Found an iron altar of Okawaru.
  8543 | D:10     | Entered Level 10 of the Dungeon
  8547 | D:10     | Identified the +1 ring mail "Pyzuug" {rF+ rN+ MP+9}
  8753 | D:10     | Noticed a gargoyle
  8821 | D:10     | Noticed a two-headed ogre
  8844 | D:10     | Killed a gargoyle
  8953 | D:10     | Killed a two-headed ogre
  8954 | D:10     | Reached skill level 5 in Hexes
  8954 | D:10     | Reached skill level 5 in Summonings
  8954 | D:10     | Reached skill level 5 in Necromancy
  8954 | D:10     | Reached skill level 5 in Translocations
  8954 | D:10     | Reached skill level 5 in Transmutations
  8954 | D:10     | Reached skill level 5 in Fire Magic
  8954 | D:10     | Reached skill level 5 in Ice Magic
  8954 | D:10     | Reached skill level 5 in Air Magic
  8954 | D:10     | Reached skill level 5 in Earth Magic
  8954 | D:10     | Reached skill level 5 in Poison Magic
  8954 | D:10     | Reached XP level 11. HP: 62/85 MP: 21/23
  9537 | D:11     | Noticed a manticore
  9543 | D:11     | Killed a manticore
  9582 | D:11     | Found a staircase to the Lair.
  9660 | D:11     | Noticed Josephine
  9687 | D:11     | Reached ** piety under Kikubaaqudgha
  9714 | D:11     | Killed Josephine
 10073 | D:11     | Noticed Erica
 10101 | D:11     | Killed Erica
 10470 | D:11     | Noticed Maurice
 10499 | D:11     | Killed Maurice
 10522 | D:11     | Reached *** piety under Kikubaaqudgha
 10522 | D:11     | Received a gift from Kikubaaqudgha
 10537 | D:11     | Learned a level 3 spell: Call Canine Familiar
 10701 | D:11     | Noticed a manticore
 10711 | D:11     | Killed a manticore
 10828 | D:11     | Noticed a manticore
 10841 | D:11     | Killed a manticore
 11076 | D:11     | Found a bloodstained altar of Trog.
 11136 | D:11     | Found a staircase to the Orcish Mines.
 11183 | Lair:1   | Entered Level 1 of the Lair of Beasts
 11221 | Lair:1   | Reached XP level 12. HP: 33/94 MP: 24/24
 11424 | Lair:1   | Noticed Nergalle
 11475 | Lair:1   | Killed Nergalle
 11539 | Lair:1   | Reached skill level 10 in Long Blades
 11701 | Lair:1   | Lost mutation: You expend magic power (3 MP) to strengthen
                  | your wands. [potion of mutation]
 11701 | Lair:1   | Gained mutation: Your flesh is cold resistant. (rC+)
                  | [potion of mutation]
 11701 | Lair:1   | Gained mutation: Your system is resistant to poisons.
                  | (rPois) [potion of mutation]
 11701 | Lair:1   | Gained mutation: You are robust. (+10% HP) [potion of
                  | mutation]
 11702 | Lair:1   | Lost mutation: You are robust. (+10% HP) [potion of
                  | mutation]
 11702 | Lair:1   | Lost mutation: Your system is resistant to poisons. (rPois)
                  | [potion of mutation]
 11702 | Lair:1   | Lost mutation: Your flesh is cold resistant. (rC+) [potion
                  | of mutation]
 11702 | Lair:1   | Gained mutation: Your movements are slightly less
                  | encumbered by armour. (ER -2) [potion of mutation]
 11702 | Lair:1   | Gained mutation: You are robust. (+10% HP) [potion of
                  | mutation]
 11703 | Lair:1   | Lost mutation: You are robust. (+10% HP) [potion of
                  | mutation]
 11703 | Lair:1   | Lost mutation: Your movements are slightly less encumbered
                  | by armour. (ER -2) [potion of mutation]
 11703 | Lair:1   | Gained mutation: Your magical capacity is low. (-10% MP)
                  | [potion of mutation]
 11703 | Lair:1   | Gained mutation: Your movements are slightly less
                  | encumbered by armour. (ER -2) [potion of mutation]
 11704 | Lair:1   | Lost mutation: Your magical capacity is low. (-10% MP)
                  | [potion of mutation]
 11704 | Lair:1   | Lost mutation: Your movements are slightly less encumbered
                  | by armour. (ER -2) [potion of mutation]
 11704 | Lair:1   | Gained mutation: You have a pair of small horns on your
                  | head. [potion of mutation]
 11704 | Lair:1   | Gained mutation: You are robust. (+10% HP) [potion of
                  | mutation]
 11871 | Lair:1   | Reached **** piety under Kikubaaqudgha
 12284 | Lair:2   | Found a staircase to the Snake Pit.
 12701 | Lair:2   | Noticed an eight-headed hydra
 12825 | Lair:2   | Killed a two-headed hydra
 12826 | Lair:2   | Reached XP level 13. HP: 72/111 MP: 26/26
 12941 | Lair:2   | Identified the +3 leather armour of Ukuullyj {rElec Dex+3}
 13561 | Lair:2   | Reached skill level 10 in Spellcasting
 13561 | Lair:2   | Reached XP level 14. HP: 119/119 MP: 28/28
 13628 | Snake:1  | Entered Level 1 of the Snake Pit
 13803 | Lair:3   | Reached skill level 10 in Fighting
 13803 | Lair:3   | Reached skill level 10 in Dodging
 13958 | Lair:3   | Reached ***** piety under Kikubaaqudgha
 14244 | Lair:3   | Noticed Nessos
 14246 | Lair:3   | Noticed Urug
 14553 | Lair:3   | Killed Nessos
 14867 | Lair:3   | Killed Urug
 14868 | Lair:3   | Reached skill level 10 in Invocations
 15164 | Lair:3   | Learned a level 3 spell: Ignite Poison
 15169 | Lair:3   | Learned a level 4 spell: Dispel Undead
 15793 | Lair:3   | Found a staircase to the Shoals.
 15801 | Lair:3   | Noticed Fannar
 15822 | Lair:3   | Killed Fannar
 17658 | Lair:5   | Entered Level 5 of the Lair of Beasts
 17946 | Lair:5   | HP: 3/122 [blink frog (7)]
 17948 | Lair:5   | HP: 1/122 [catoblepas (3)]
 18284 | Lair:5   | Reached XP level 15. HP: 112/128 MP: 29/29
 18782 | Lair:5   | Reached skill level 10 in Conjurations
 18831 | Lair:5   | Found a staircase to the Slime Pits.
 18831 | Lair:5   | Found a viscous altar of Jiyva.
 18956 | Lair:5   | Reached skill level 10 in Short Blades
 18956 | Lair:5   | Reached skill level 10 in Axes
 18956 | Lair:5   | Reached skill level 10 in Maces & Flails
 18956 | Lair:5   | Reached skill level 10 in Polearms
 18956 | Lair:5   | Reached skill level 10 in Staves
 18956 | Lair:5   | Reached skill level 10 in Ranged Weapons
 18956 | Lair:5   | Reached skill level 10 in Throwing
 18956 | Lair:5   | Reached skill level 10 in Armour
 18956 | Lair:5   | Reached skill level 10 in Stealth
 18956 | Lair:5   | Reached skill level 10 in Shields
 18956 | Lair:5   | Reached skill level 10 in Unarmed Combat
 18956 | Lair:5   | Reached skill level 10 in Evocations
 18987 | Lair:5   | Slain by a catoblepas

Illustrated notes

Levels and vault maps discovered:
D:1:      matt_arrival_grand_opening, layout_loops_ring, serial_forest,
          infiniplex_forest_clump_long, infiniplex_forest_clump_medium,
          infiniplex_forest_lined_3_way, infiniplex_forest_lined_2,
          infiniplex_forest_diagonal
D:2:      layout_rooms, basic_altar, hellmonk_ecumenical_altar_crossroads,
          nicolae_elevator_lobby_plus, uniq_crazy_yiuf_cottage
D:3:      layout_loops_ring, mainiacjoe_overflow_surrounded_room,
          cheibriados_altar_1, serial_rivers, chequers_serial_rivers_large_b,
          chequers_serial_rivers_micro_b, chequers_serial_rivers_small_b,
          chequers_serial_rivers_room_b, chequers_serial_rivers_micro_d
D:4:      layout_rooms, overflow_temple_1_default, mainiacjoe_overflow_catwalk
D:5:      layout_loops_ring, nicolae_gozag_conspicuous_consumption,
          lemuel_crystal_altar, mainiacjoe_overflow_catwalk_spiral, uniq_ijyb,
          uniq_grinder
D:6:      nicolae_whirlpool, layout_rooms, nicolae_wu_jian_wuxing_cycle,
          nemelex_dance_club_becter, mainiacjoe_overflow_small_starburst
D:7:      layout_rooms, minmay_temple_entry_tees, serial_shops, shop
D:8:      layout_cave_pools, trog_wizard, serial_shops, shop,
          minmay_misc_feat_encased, chequers_serial_rivers_small_3,
          nicolae_wooded_promenade, nicolae_shop_firing_range
D:9:      layout_basic, lemuel_round_altar
D:10:     layout_loops_ring
D:11:     layout_irregular_city, erik_lair_orcish_takeover, hiddenorc1_lemuel,
          hex_tiny, trog_hazing_becter, uniq_maurice, uniq_erica, uniq_josephine
Temple:   hellmonk_temple_forest_ring
Lair:1:   layout_cave_shapes, dreamdust_gnoll_shepherd, serial_bayou_shore_a,
          lemuel_fruit_tree, uniq_nergalle
Lair:2:   layout_hall_layers, dummy_snake_entry
Lair:3:   nzn_motion_control, layout_misc_corridors, nicolae_shoals_entry_roost,
          serial_bayou, serial_bayou_pond_e, serial_bayou_shore_b,
          serial_bayou_crossing, serial_bayou_pond_b, minmay_holes,
          serial_bayou_pond_b, uniq_urug, uniq_nessos, uniq_fannar
Lair:4:   layout_cave_pods, grunt_megastairs_4
Lair:5:   evilmike_catoblepas_cave, layout_hall_layers,
          nicolae_slime_entry_slimehenge, gauntlet_entry_generic
Snake:1:  layout_misc_corridors, gammafunk_ghost_berserking_beasts,
          serial_bayou_shore_b

Skill      XL: |  1  2  3  4  5  6  7  8  9 10 11 12 13 14 15 |
---------------+----------------------------------------------+-----
Spellcasting   | 5 6 7 8 9 10 11 | 11.1
Short Blades   | 1 2 3 5 6 7 8 9 10 | 10.0
Axes           | 1 2 3 5 6 7 8 9 10 | 10.0
Maces & Flails | 1 2 3 5 6 7 8 9 10 | 10.0
Polearms       | 1 2 3 5 6 7 8 9 10 | 10.0
Staves         | 1 2 3 5 6 7 8 9 10 | 10.0
Ranged Weapons | 1 2 3 5 6 7 8 9 10 | 10.0
Throwing       | 1 2 3 5 6 7 8 9 10 | 10.0
Armour         | 1 2 3 5 6 7 8 9 10 | 10.0
Stealth        | 1 2 3 5 6 7 8 9 10 | 10.0
Shields        | 1 2 3 5 6 7 8 9 10 | 10.0
Unarmed Combat | 1 2 3 5 6 7 8 9 10 | 10.0
Invocations    | 1 2 3 4 5 6 7 8 9 10 | 10.8
Evocations     | 1 2 3 5 6 7 8 9 10 | 10.0
Hexes          | 1 2 3 4 5 6 7 8 |  8.3
Summonings     | 1 2 3 4 5 6 7 8 |  8.3
Necromancy     | 1 2 3 4 5 6 7 8 |  8.3
Translocations | 1 2 3 4 5 6 7 8 |  8.3
Transmutations | 1 2 3 4 5 6 7 8 |  8.3
Fire Magic     | 1 2 3 4 5 6 7 8 |  8.3
Ice Magic      | 1 2 3 4 5 6 7 8 |  8.3
Air Magic      | 1 2 3 4 5 6 7 8 |  8.3
Earth Magic    | 1 2 3 4 5 6 7 8 |  8.3
Poison Magic   | 1 2 3 4 5 6 7 8 |  8.3
Fighting       | 5 6 7 8 9 10 11 | 11.0
Dodging        | 5 6 7 8 9 10 11 | 11.0
Long Blades    | 7 8 9 10 11 | 11.8
Conjurations   | 6 7 8 9 10 | 10.0

Action                     |  1- 3 |  4- 6 |  7- 9 | 10-12 | 13-15 || total
---------------------------+-------+-------+-------+-------+-------++-------
  Melee: Falchion          |    65 |    35 |   198 |    38 |       ||   336
         Bite              |     5 |     5 |    40 |    99 |   115 ||   264
         Long sword        |       |   105 |    80 |   291 |       ||   476
         Punch             |       |     1 |     6 |    50 |    59 ||   116
         Unarmed           |       |       |     4 |       |       ||     4
         Scimitar          |       |       |       |   447 |   622 ||  1069
         Headbutt          |       |       |       |    56 |   192 ||   248
  Throw: Stone             |     1 |       |       |       |       ||     1
         Dart              |       |       |     9 |       |       ||     9
   Cast: Kiss of Death     |     1 |     2 |       |     1 |       ||     4
         Momentum Strike   |     1 |       |     1 |     3 |       ||     5
         Poisonous Vapours |       |     7 |    21 |    35 |    19 ||    82
         Mephitic Cloud    |       |       |       |    34 |    33 ||    67
         Call Canine Famil |       |       |       |     1 |     5 ||     6
         Ignite Poison     |       |       |       |       |    14 ||    14
         Hailstorm         |       |       |       |       |     3 ||     3
  Evoke: Wand              |       |       |       |     1 |       ||     1
    Use: Potion            |       |     1 |       |     7 |     4 ||    12
         Scroll            |       |       |    13 |    10 |     6 ||    29
   Stab: Sleeping          |       |     1 |     3 |     4 |     3 ||    11
         Confused          |       |       |     1 |    40 |    26 ||    67
         Invisible         |       |       |     1 |       |       ||     1
         Distracted        |       |       |       |     2 |     4 ||     6
         Petrifying        |       |       |       |       |     1 ||     1
         Petrified         |       |       |       |       |     1 ||     1
 Armour: Leather armour    |     7 |    26 |    69 |    35 |       ||   137
         Ring mail         |       |       |       |   202 |   225 ||   427
  Dodge: Dodged            |    41 |    83 |   259 |   765 |   599 ||  1747
  Block: Other             |     3 |    23 |    56 |   200 |   144 ||   426
         Reflection        |       |     2 |     2 |     4 |     3 ||    11

Table legend: (Time is in decaauts)
 A = Elapsed time spent in this place.
 B = Non-inter-level travel time spent in this place.
 C = Inter-level travel time spent in this place.
 D = Time resting spent in this place.
 E = Time spent auto-exploring this place.
 F = Levels seen in this place.
 G = Mean time per level.
                   A        B        C        D        E       F      G
               +--------+--------+--------+--------+--------+-----+--------+
         Total |  18921 |  18111 |    810 |   3034 |  10989 |  18 | 1051.2 |
       Dungeon |  11052 |  10456 |    596 |   1075 |   7181 |  11 | 1004.7 |
        Temple |    154 |    148 |      6 |      0 |    130 |   1 |  154.0 |
          Lair |   7712 |   7504 |    208 |   1959 |   3678 |   5 | 1542.4 |
     Snake Pit |      1 |      1 |      0 |      0 |      0 |   1 |    1.0 |
               +--------+--------+--------+--------+--------+-----+--------+

Top non-repeatable levels by time:
  Lair:3: 2354 daAuts
    D:11: 1641 daAuts
  Lair:2: 1629 daAuts
  Lair:1: 1338 daAuts
  Lair:5: 1296 daAuts
     D:4: 1128 daAuts
     D:3: 1117 daAuts
  Lair:4: 1094 daAuts
     D:5: 1077 daAuts
     D:6: 1002 daAuts
    D:10: 989 daAuts
     D:9: 983 daAuts
     D:8: 925 daAuts
     D:7: 806 daAuts
     D:1: 708 daAuts
